Map: Cerulean Fall LE

Players

Piroxiljin - Winner!

  • Race: Terran Terran
  • Spawn Location: 7:00

VOD

Have the link to the VOD?

Description

Time

  • Played on: Jan. 20, 2019, 7:56 a.m.
  • Length: 34:58
Show
View Real Time Build Order
Export as new Build Order

Piroxiljin Terran - Winner!

Build Orders:  

Get SALT Encoding   

  12  0:02  SCV  
  13  0:20  SCV  
  13  0:26  Supply Depot  
  14  0:37  SCV  
  15  0:44  Refinery  
  15  0:56  SCV  
  16  1:09  Barracks  
  16  1:16  SCV  
  17  1:32  Refinery  
  17  1:34  SCV  
  18  1:51  Supply Depot  
  18  1:52  SCV  
  19  2:18  SCV  
  19  2:19  Factory  
  20  2:31  Barracks Reactor  
  20  2:36  SCV  
  21  2:54  Orbital Command  
  21  3:21  Engineering Bay  
  21  3:38  Barracks Tech Lab  
  21  3:44  Barracks Tech Lab  
  21  3:54  Factory  
  21  3:55  Hellion  
  21  3:56  Hellion  
  25  4:07  SCV  
  26  4:18  Supply Depot  
  26  4:24  SCV, Widow Mine x2  
  27  4:30  Terran Infantry Weapons Level 1  
  31  4:50  Supply Depot  
  31  5:21  Barracks Tech Lab  
  31  5:26  Hellion x2  
  31  5:28  Siege Tank  
  38  5:41  Supply Depot  
  34  6:13  Siege Tank  
  37  6:40  Command Center  
  37  6:42  Hellion x2  
  41  6:50  Marauder  
  41  6:52  Concussive Shells  
  41  6:58  Cyclone  
  46  7:03  Supply Depot  
  46  7:09  SCV  
  47  7:33  Marauder  
  49  7:49  Terran Infantry Armor Level 1  
  49  7:51  SCV  
  50  8:03  Marauder  
  50  8:04  Supply Depot  
  50  8:07  SCV  
  53  8:12  Supply Depot  
  53  8:28  Orbital Command  
  53  8:33  Marine  
  53  8:34  Refinery  
  54  8:41  Supply Depot, Hellion  
  54  8:48  Widow Mine  
  58  9:01  Widow Mine  
  58  9:05  Marine  
  58  9:09  SCV  
  62  9:26  SCV  
  63  9:32  Armory  
  63  9:38  Marauder  
  65  9:43  SCV  
  62  9:59  SCV, Cyclone  
  65  10:08  Siege Tank x2  
  64  10:14  Factory  
  62  11:05  SCV  
  63  11:20  Refinery  
  63  11:22  SCV  
  64  11:46  SCV  
  65  11:58  Command Center  
  65  11:59  Terran Infantry Weapons Level 2  
  65  12:02  Unknown  
  65  12:03  SCV  
  65  12:05  Drilling Claws  
  65  12:09  Hellbat x2  
  68  12:33  Factory Tech Lab  
  68  12:45  Starport  
  68  12:56  Siege Tank  
  71  13:16  SCV  
  72  13:33  SCV  
  72  13:36  Missile Turret  
  73  13:41  Siege Tank  
  73  13:49  Marauder  
  78  13:52  Hellion x2  
  82  14:12  Factory  
  82  14:18  Marauder, Terran Vehicle Weapons Level 1  
  84  14:26  Cyclone  
  87  14:34  Engineering Bay  
  87  14:37  SCV  
  88  14:52  SCV  
  88  14:54  SCV  
  90  15:01  SCV  
  90  15:09  SCV  
  92  15:11  Cyclone  
  92  15:18  SCV  
  92  15:19  Terran Infantry Weapons Level 3  
  96  15:25  Widow Mine x2  
  96  15:34  Cyclone  
  96  15:37  Armory  
  103  15:54  Siege Tank x2  
  103  15:55  Starport Tech Lab  
  103  15:56  Cyclone  
  106  16:00  SCV  
  106  16:05  Refinery, Hellion x2  
  106  16:07  Refinery  
  111  16:17  SCV  
  111  16:19  Thor  
  114  16:33  SCV  
  114  16:35  Structure Armor  
  115  16:50  SCV  
  116  17:10  Supply Depot x2  
  116  17:13  Supply Depot  
  116  17:15  Supply Depot x2  
  116  17:18  Supply Depot  
  116  17:24  SCV  
  117  17:40  SCV, Thor  
  117  17:41  SCV  
  117  17:43  Terran Infantry Armor Level 2  
  117  17:45  Terran Vehicle And Ship Armor Level 1  
  117  17:47  Terran Vehicle Weapons Level 2  
  125  17:55  Factory Tech Lab, Supply Depot  
  125  17:57  SCV  
  125  17:58  SCV  
  127  18:00  Cyclone  
  130  18:11  Raven  
  130  18:15  SCV  
  130  18:16  SCV  
  134  18:32  SCV  
  134  18:33  SCV  
  136  18:40  Cyclone  
  136  18:49  SCV  
  140  18:54  Missile Turret  
  140  19:21  SCV  
  140  19:23  Missile Turret  
  141  19:38  SCV  
  141  19:39  Fusion Core, Siege Tank x4  
  142  19:44  Viking  
  142  19:47  Thor x2  
  142  19:48  Siege Tank, Hi-Sec Auto Tracking  
  159  19:52  Siege Tank  
  159  19:57  SCV  
  160  20:14  SCV  
  161  20:26  Viking  
  163  20:33  Cyclone  
  163  20:35  Siege Tank x4  
  166  20:56  Infernal Pre-Igniter  
  162  22:04  SCV  
  161  22:21  SCV  
  159  24:14  Thor  
  159  24:15  Thor  
  168  24:37  Supply Depot  
  168  24:38  Supply Depot  
  168  24:39  Supply Depot  
  168  24:47  Terran Infantry Armor Level 3  
  168  24:50  Terran Vehicle And Ship Armor Level 2  
  168  24:58  Terran Vehicle Weapons Level 3  
  168  25:06  Supply Depot  
  168  25:07  Thor  
  174  25:10  Supply Depot  
  174  25:11  Supply Depot  
  174  25:12  Supply Depot  
  174  25:14  Cyclone  
  174  25:15  Cyclone  
  180  25:46  Supply Depot  
  180  26:13  Refinery  
  180  26:14  Command Center  
  180  26:18  Refinery  
  180  26:56  Siege Tank x2  
  180  26:57  Siege Tank x2  
  178  28:09  Siege Tank x5  
  178  28:57  Thor  
  178  28:58  Thor  
  178  28:59  Siege Tank  
  193  29:04  Viking  
  195  29:44  Siege Tank  
  195  29:45  Viking  
  200  30:06  Siege Tank x3  
  200  30:07  Siege Tank x2  
  179  31:56  Orbital Command  
  174  33:03  Siege Tank  
  174  33:09  Siege Tank x4  
  186  34:02  Siege Tank  
Tags
 
Add a new tag
Caveats
  • Supply blocks, unpowered buildings, or Contaminate may cause inaccurate times.
  • Supply counts are checked every 10 seconds.